 Dungeon Crawl Stone Soup version 0.29-a0-565-g7a16c6de65 (webtiles) character file.

Game seed: 12406778037573587459

60824 Bruhh the Blocker (level 14, -6/143 HPs)
             Began as a Troll Gladiator on June 12, 2022.
             Was the Champion of Zin.
             Mangled by a dire elephant (10 damage)
             ... on level 6 of the Lair of Beasts.
             The game lasted 00:36:31 (14358 turns).

Bruhh the Blocker (Troll Gladiator)                Turns: 14358, Time: 00:36:32

Health: -6/143     AC: 11    Str: 31      XL:     14   Next: 58%
Magic:  15/17      EV:  9    Int: 12      God:    Zin [******]
Gold:   964        SH: 20    Dex: 22 (23) Spells: 13/13 levels left

rFire   + + .      SeeInvis .     - Unarmed
rCold   + + .      Faith    .   l - +0 tower shield
rNeg    . . .      Spirit   .   m - +2 robe of Vexation {-Cast Dex+4}
rPois   ∞          Reflect  .   b - +0 hat
rElec   .          Harm     .   u - +0 cloak
rCorr   .          Rampage  .   (gloves unavailable)
Will    ++...      NoCast   +   (boots unavailable)
Stlth   ++........              a - amulet "Zeoden" {Contam rF++ rC+ Regen+}
HPRegen 1.93/turn               o - ring "Dideam" {Will+ Int+6}
MPRegen 0.15/turn               v - +6 ring of dexterity

@: vitalised
A: large, unfitting armour, claws 3, regeneration 1, shaggy fur 1, tough skin 1,
iridescent scales 2, cold resistance 1, no potion heal 1
a: Renounce Religion, Recite, Vitalisation, Imprison, Sanctuary, Donate Gold


You were on level 6 of the Lair of Beasts.
You worshipped Zin.
Zin was exalted by your worship.
You visited 2 branches of the dungeon, and saw 15 of its levels.
You also visited: Sewer.

You collected 1945 gold pieces.
You donated 981 gold pieces to Zin.

Inventory:

Missiles
 c - 3 throwing nets
 r - 4 silver javelins
 s - 5 javelins (quivered)
Armour
 b - a +0 hat (worn)
 l - a +0 tower shield (worn)
 m - the +2 robe of Vexation (worn) {-Cast Dex+4}
   (You found it on level 2 of the Dungeon)

   Dex:       It affects your dexterity (+4).
   -Cast:     It prevents spellcasting.
 u - a +0 cloak (worn)
Jewellery
 a - the amulet "Zeoden" (around neck) {Contam rF++ rC+ Regen+}
   (You acquired it on level 1 of the Lair of Beasts)

   [amulet of regeneration]

   rF:        It greatly protects you from fire.
   rC:        It protects you from cold.
   Contam:    It causes magical contamination when unequipped.
   Regen:     It increases your rate of health regeneration.
 o - the ring "Dideam" (left claw) {Will+ Int+6}
   (You found it on level 4 of the Dungeon)

   [ring of intelligence]

   Int:       It affects your intelligence (+6).
   Will:      It increases your willpower.
 v - a +6 ring of dexterity (right claw)
 z - a ring of willpower
 A - a +6 ring of strength
 G - a ring of protection from cold
 H - a ring of protection from cold
 J - an amulet of the acrobat
 K - an amulet of reflection
Wands
 y - a wand of flame (39)
 N - a wand of iceblast (10)
 O - a wand of charming (7)
Scrolls
 d - 5 scrolls of identify
 g - a scroll of teleportation
 h - 3 scrolls of brand weapon
 k - 2 scrolls of enchant armour
 n - 4 scrolls of enchant weapon
 q - 2 scrolls of magic mapping {unknown}
 t - 2 scrolls of amnesia {unknown}
 w - a scroll of immolation {unknown}
 x - a scroll of summoning {unknown}
 C - 3 scrolls of vulnerability
 F - a scroll of poison
 P - a scroll of fog
Potions
 e - 4 potions of brilliance
 f - 6 potions of curing
 i - 4 potions of lignification
 j - 3 potions of haste
 p - 3 potions of cancellation
 B - 5 potions of flight
 D - a potion of ambrosia
 E - 2 potions of berserk rage {unknown}
 L - a potion of might
 M - 2 potions of mutation
 Q - a potion of attraction


   Skills:
 - Level 10.0 Fighting
 - Level 10.0 Throwing
 - Level 2.4 Dodging
 + Level 14.1 Shields
 - Level 13.2 Unarmed Combat
 + Level 6.2 Invocations


You had 13 spell levels left.
You didn't know any spells.
Your spell library contained the following spells:

 Spells                   Type           Power      Damage    Failure   Level
 Sublimation of Blood     Necr           0%         N/A       82%         2
 Wereblood                Tmut           0%         N/A       82%         2
 Confusing Touch          Hex            0%         N/A       96%         3
 Dazzling Flash           Conj/Hex       0%         N/A       96%         3
 Cause Fear               Hex            0%         N/A       100%        4
 Iskenderun's Mystic Bla  Conj/Tloc      0%         2d3       100%        4
 Yara's Violent Unravell  Hex/Tmut       0%         3d3       100%        5
 Starburst                Conj/Fire      0%         6d3       100%        6
 Dragon Form              Tmut           0%         N/A       100%        7
 Enfeeble                 Hex            0%         N/A       100%        7
 Summon Hydra             Summ           0%         N/A       100%        7
 Dragon's Call            Summ           0%         N/A       100%        9


Dungeon Overview and Level Annotations

Branches:
Dungeon (9/15)             Temple (0/1) D:5            Lair (6/6) D:9
 Shoals (0/4) Lair:4       Spider (0/4) Lair:4        Slime (0/5) Lair:5
  Sewer (visited)
    Orc: D:9-12

Altars:
Cheibriados
Elyvilon
Gozag
Hepliaklqana
Kikubaaqudgha
Ru
Sif Muna
Xom
Zin
Lugonu

Shops:
D:2 [

Portals:
Abyss: D:7


Innate Abilities, Weirdness & Mutations

You are too large for most types of armour.
You have claws for hands.
Your natural rate of healing is unusually fast.
You are covered in fur. (AC +1)
You have tough skin. (AC +1)
You are mostly covered in iridescent scales. (AC +4)
Your flesh is cold resistant. (rC+)
Potions are less effective at restoring your health.


Message History

You stumble backwards!
You are too injured to fight recklessly!
You are too injured to fight recklessly!
Throw: 6 javelins
Press: ? - help, Shift-Dir - straight line, f - dire elephant
Aim: a dire elephant (almost dead, 92% to hit)
You throw a javelin.
The javelin pierces through the dire elephant!
You kill the dire elephant!
Your life force feels restored.
Unknown command.
You mangle the dire elephant!!
The dire elephant is moderately wounded.
The dire elephant tramples you!
* * * LOW HITPOINT WARNING * * *
You hold your ground!
The dire elephant trunk-slaps you.
* * * LOW HITPOINT WARNING * * *
Zin grants you divine stamina.
You block the dire elephant's attack. x2
You barely miss the dire elephant.
The dire elephant is moderately wounded.
The dire elephant tramples you!!
* * * LOW HITPOINT WARNING * * *
You hold your ground!
The dire elephant barely misses you.
Your system partially rejects the healing.
You feel much better. You block the dire elephant's attack.
The dire elephant trunk-slaps you.
* * * LOW HITPOINT WARNING * * *
Okay, then.
Okay, then.
You mangle the dire elephant!!
The dire elephant is heavily wounded.
You block the dire elephant's attack. The dire elephant trunk-slaps you.
* * * LOW HITPOINT WARNING * * *
You scratch the dire elephant.
The dire elephant is heavily wounded.
The dire elephant tramples you!
* * * LOW HITPOINT WARNING * * *
You hold your ground!
The dire elephant trunk-slaps you!
You die...

8# ####....#'#
##### .+
.#8(####.#.#
##:## .+
.'....P#...#
##+## 8#
8....#..8# ♣♣.♣#
#''#''####♣♣...#
#.....#.#.....##
##..........♣.#
#....Y...P♣♣##
##.##@###♣♣
######


You could see a dire elephant.

Vanquished Creatures
  2 dire elephants (Lair:6)
  10 hydras
  A death yak (Lair:6)
  Urug (Lair:2)
  A fire crab (Lair:6)
  An obsidian statue (Lair:6)
  A lindwurm (Lair:4)
  Pikel (D:4)
  2 necromancers (Lair:6)
  4 oklob plants (Lair:1)
  10 black mambas
  Maurice (D:8)
  Joseph (D:8)
  A merfolk siren (Lair:4)
  20 elephants
  2 dire elephant zombies (Lair:6)
  16 cane toads
  A torpor snail (Lair:4)
  5 rime drakes
  19 komodo dragons
  2 merfolk (Lair:4)
  3 polar bears
  A hornet (Lair:2)
  19 blink frogs
  2 slime creatures (Lair:5)
  10 dream sheep
  Sigmund (D:2)
  A shadow (D:8)
  A spriggan (Lair:5)
  7 wyverns
  50 yaks
  7 basilisks
  2 steam dragons
  2 redbacks (Lair:4)
  Menkaure (D:5)
  A spectral cane toad (Lair:6)
  An acid dragon (D:9)
  19 water moccasins
  2 ice beasts
  A floating eye (Lair:1)
  4 orc warriors
  3 black bears
  A sky beast (D:8)
  An elephant zombie (Lair:6)
  An ogre (D:5)
  2 centaurs
  9 wolves
  4 kobold brigands
  12 bullfrogs
  2 gnoll sergeants
  A cane toad simulacrum (Lair:6)
  2 necrophages (D:7)
  2 scorpions (D:4)
  16 wights
  2 killer bees
  5 electric eels (Lair:4)
  3 howler monkeys
  5 jellies
  4 hounds
  2 gnoll shamans
  2 orc priests
  10 orc wizards
  2 iguanas
  Natasha (thrice) (D:3)
  4 hell rats (Lair:5)
  9 gnolls (D:6)
  15 adders
  3 river rats (Sewer)
  3 white imps
  4 worms (Sewer)
  3 dart slugs
  31 orcs
  11 bats
  11 endoplasms
  12 giant cockroaches
  7 hobgoblins
  7 jackals
  11 quokkas
  12 ball pythons
  4 frilled lizards
  5 goblins
  16 kobolds
  7 rats
506 creatures vanquished.

Vanquished Creatures (others)
  A butterfly (D:5)
  60 fungi
  80 plants
  30 withered plants (Lair:6)
171 creatures vanquished.

Grand Total: 677 creatures vanquished

Notes
Turn   | Place    | Note
-------+----------+-------------------------------------------
     0 | D:1      | Bruhh the Troll Gladiator began the quest for the Orb.
     0 | D:1      | Reached XP level 1. HP: 19/19 MP: 0/0
   109 | D:1      | Reached XP level 2. HP: 23/27 MP: 1/1
   243 | D:1      | Found a faded altar of an unknown god.
   408 | D:1      | Reached XP level 3. HP: 17/33 MP: 2/2
   479 | D:2      | Identified the +2 robe of Vexation {-Cast Dex+4}
   526 | D:2      | You fall into a shaft and drop 2 floors!
   552 | D:4      | Identified the ring "Dideam" {Will+ Int+6}
   556 | D:4      | Noticed a scorpion
   564 | D:4      | Gained mutation: Your flesh is cold resistant. (rC+)
                  | [potion of mutation]
   564 | D:4      | Gained mutation: You are partially covered in iridescent
                  | scales. (AC +2) [potion of mutation]
   564 | D:4      | Gained mutation: Your body sometimes deteriorates upon
                  | taking damage. [potion of mutation]
   568 | D:4      | Killed a scorpion
   569 | D:4      | Reached skill level 5 in Unarmed Combat
   569 | D:4      | Reached XP level 4. HP: 17/41 MP: 3/3
   705 | D:3      | Noticed Natasha
   715 | D:3      | Killed Natasha
   716 | D:3      | Reached XP level 5. HP: 45/48 MP: 4/4
   720 | D:3      | Lost mutation: Your body sometimes deteriorates upon taking
                  | damage. [potion of mutation]
   720 | D:3      | Lost mutation: You are partially covered in iridescent
                  | scales. (AC +2) [potion of mutation]
   720 | D:3      | Gained mutation: You are partially covered in iridescent
                  | scales. (AC +2) [potion of mutation]
   720 | D:3      | Gained mutation: Potions are less effective at restoring
                  | your health. [potion of mutation]
   720 | D:3      | Gained mutation: You are mostly covered in iridescent
                  | scales. (AC +4) [potion of mutation]
   807 | D:3      | Found a shimmering altar of Xom.
   986 | D:3      | Noticed Natasha
   993 | D:3      | Killed Natasha
  1203 | D:2      | Found Faehoqeb's Antique Armour Shoppe.
  1376 | D:2      | Noticed Sigmund
  1390 | D:2      | Killed Sigmund
  1391 | D:2      | Reached XP level 6. HP: 34/55 MP: 5/5
  1607 | D:3      | Noticed Natasha
  1612 | D:3      | Killed Natasha
  1845 | D:4      | Noticed Pikel
  1859 | D:4      | Killed Pikel
  1860 | D:4      | Reached XP level 7. HP: 56/62 MP: 6/6
  2276 | D:4      | Found a faded altar of an unknown god.
  2276 | D:4      | Found a hazy altar of Hepliaklqana.
  2276 | D:4      | Found a faded altar of an unknown god.
  2298 | D:4      | Reached XP level 8. HP: 42/65 MP: 7/7
  2303 | D:4      | Reached skill level 10 in Unarmed Combat
  2307 | D:4      | Reached skill level 1 in Shields
  2441 | D:5      | Entered Level 5 of the Dungeon
  2465 | D:5      | Reached skill level 2 in Shields
  2477 | D:5      | Found a white marble altar of Elyvilon.
  2571 | D:5      | Became a worshipper of Elyvilon the Healer
  2629 | D:5      | Found an opulent altar of Gozag.
  2685 | D:5      | Found a staircase to the Ecumenical Temple.
  2720 | D:5      | Noticed Menkaure
  2725 | D:5      | Reached skill level 3 in Shields
  2726 | D:5      | Killed Menkaure
  2931 | D:5      | Reached * piety under Elyvilon
  3103 | D:5      | Found an ancient bone altar of Kikubaaqudgha.
  3225 | D:6      | Found a glowing drain.
  3230 | D:6      | Reached skill level 4 in Shields
  3250 | Sewer    | Entered a sewer
  3656 | Sewer    | Reached XP level 9. HP: 84/85 MP: 8/8
  3978 | D:6      | Reached ** piety under Elyvilon
  4052 | D:6      | Found a sacrificial altar of Ru.
  4581 | D:6      | Reached skill level 5 in Shields
  4632 | D:7      | Reached skill level 5 in Fighting
  4667 | D:7      | Found a glowing silver altar of Zin.
  4893 | D:7      | Reached *** piety under Elyvilon
  5018 | D:7      | Found a large runed translucent door.
  5019 | D:7      | Found a large runed translucent door.
  5026 | D:7      | Found a corrupted altar of Lugonu.
  5416 | D:7      | Found a one-way gate to the infinite horrors of the Abyss.
  5445 | D:7      | Reached skill level 6 in Shields
  5548 | D:8      | Noticed Joseph
  5565 | D:8      | Killed Joseph
  5696 | D:8      | Reached XP level 10. HP: 96/97 MP: 9/9
  5767 | D:8      | Noticed Maurice
  5810 | D:8      | Killed Maurice
  5811 | D:8      | Reached skill level 7 in Shields
  5953 | D:8      | Reached skill level 5 in Throwing
  5985 | D:8      | Reached **** piety under Elyvilon
  6425 | D:9      | Reached skill level 8 in Shields
  6455 | D:9      | Found a staircase to the Lair.
  6789 | D:9      | Reached XP level 11. HP: 97/105 MP: 10/10
  6891 | D:9      | Found a snail-covered altar of Cheibriados.
  6920 | D:9      | Found a shimmering blue altar of Sif Muna.
  7339 | Lair:1   | Entered Level 1 of the Lair of Beasts
  7351 | Lair:1   | Identified a scroll of acquirement
  7355 | Lair:1   | Acquired the amulet "Zeoden" {Contam rF++ rC+ Regen+}
  7427 | Lair:1   | Noticed an oklob plant
  7428 | Lair:1   | Noticed an oklob plant
  7432 | Lair:1   | Killed an oklob plant
  7432 | Lair:1   | Paralysed by a floating eye for 2 turns
  7440 | Lair:1   | Paralysed by a floating eye for 2 turns
  7461 | Lair:1   | Killed an oklob plant
  7478 | Lair:1   | Noticed an oklob plant
  7494 | Lair:1   | Killed an oklob plant
  7508 | Lair:1   | Noticed an oklob plant
  7540 | Lair:1   | Killed an oklob plant
  7698 | Lair:1   | Reached skill level 9 in Shields
  7798 | Lair:1   | Reached ***** piety under Elyvilon
  7939 | Lair:1   | Noticed a four-headed hydra
  7948 | Lair:1   | Killed a five-headed hydra
  8463 | Lair:2   | Noticed Urug
  8481 | Lair:2   | Killed Urug
  8482 | Lair:2   | Reached skill level 10 in Throwing
  8564 | Lair:2   | Reached skill level 10 in Shields
  8597 | Lair:2   | You fall into a shaft and drop 2 floors!
  8599 | Lair:4   | Noticed a lindwurm
  8614 | Lair:4   | Killed a lindwurm
  8638 | Lair:4   | Elyvilon protects you from harm!
  8750 | Lair:4   | Reached XP level 12. HP: 91/118 MP: 11/11
  8842 | Lair:4   | Noticed a six-headed hydra
  8852 | Lair:4   | Killed a six-headed hydra
  9003 | Lair:4   | Found a hole to the Spider Nest.
  9215 | Lair:4   | Reached skill level 10 in Fighting
  9636 | Lair:4   | Found a staircase to the Shoals.
 10015 | Lair:3   | Reached XP level 13. HP: 133/133 MP: 12/12
 10019 | Lair:3   | Reached skill level 11 in Shields
 10666 | Lair:2   | Acquired 842 gold pieces
 11071 | Lair:2   | Reached skill level 12 in Shields
 11766 | Lair:5   | Reached ****** piety under Elyvilon
 12121 | Lair:5   | Found a staircase to the Slime Pits.
 12398 | D:7      | Fell from the grace of Elyvilon
 12398 | D:7      | Became a worshipper of Zin the Law-Giver
 12398 | D:7      | Reached * piety under Zin
 12398 | D:7      | Reached ** piety under Zin
 12398 | D:7      | Reached *** piety under Zin
 12398 | D:7      | Reached **** piety under Zin
 12398 | D:7      | Reached ***** piety under Zin
 12776 | Lair:5   | Reached skill level 1 in Invocations
 12858 | Lair:6   | Entered Level 6 of the Lair of Beasts
 12936 | Lair:6   | Reached skill level 13 in Shields
 13011 | Lair:6   | Reached XP level 14. HP: 143/143 MP: 14/14
 13571 | Lair:6   | Donated 888 gold pieces to Zin
 13638 | Lair:6   | Reached skill level 5 in Invocations
 13774 | Lair:6   | Reached skill level 14 in Shields
 13836 | Lair:6   | Reached ****** piety under Zin
 14358 | Lair:6   | HP: 4/143 [dire elephant (16)]
 14358 | Lair:6   | Mangled by a dire elephant

Illustrated notes

Levels and vault maps discovered:
D:1:      minmay_arrival_four_houses, layout_rooms,
          hellmonk_ecumenical_altar_lost_god
D:2:      layout_rooms, serial_shops, shop, uniq_sigmund
D:3:      layout_rooms, mainiacjoe_overflow_24_doors, uniq_natasha
D:4:      layout_loops_cross, nicolae_hepliaklqana_ecumenical_no_more,
          dreamdust_princess_corridor, hangedman_abyss_or_decor_stagger,
          uniq_pikel
D:5:      layout_basic, mainiacjoe_overflow_catwalk,
          lemuel_coloured_pillars_altar, nicolae_elyvilon_peaceful_grove,
          minmay_temple_entry_drinking_statues, minmay_misc_feat_four_crosses,
          uniq_menkaure
D:6:      layout_basic, mainiacjoe_overflow_concentric_impassable,
          portal_sewer_entry_f
D:7:      due_chaos_kobolds, layout_rooms, kennysheep_little_box,
          nicolae_overflow_hidden_temple, minmay_holes, kennysheep_small_spiral,
          roderic_serpentine_path, chequers_serial_rivers_room_b
D:8:      minmay_recursive_quarters, layout_basic, uniq_maurice, uniq_joseph
D:9:      layout_loops_ring, cheibriados_altar_1, amcnicky_altar_gilded,
          erik_lair_dragon, kennysheep_generic_room_3
Lair:1:   layout_cave_pods, disabler_island
Lair:2:   layout_long_grid, uniq_urug
Lair:3:   layout_big_grid, dreamdust_gnoll_shepherd, grunt_megastairs_2,
          lemuel_fruit_tree
Lair:4:   layout_cave_pods, elwin_shoals_entry_rooms, spider_nest_entry_webs,
          serial_bayou_lake_a, lemuel_fruit_fields, grunt_megastairs_5
Lair:5:   layout_regular_city, minmay_slime_entry_pillars,
          grunt_forest_stairs_clearing, grunt_megastairs_1,
          infiniplex_staircase_pool_2
Lair:6:   due_jungle_book, layout_loops_ring

Skill      XL: |  1  2  3  4  5  6  7  8  9 10 11 12 13 14 |
---------------+-------------------------------------------+-----
Unarmed Combat | 4 5 7 9 10 11 13 | 13.2
Fighting       | 4 6 7 10 | 10.0
Shields        | 4 6 8 10 13 14 | 14.1
Throwing       | 3 7 10 | 10.0
Invocations    | 2 6 |  6.2
Dodging        | |  2.4

Action                   |  1- 3 |  4- 6 |  7- 9 | 10-12 | 13-15 || total
-------------------------+-------+-------+-------+-------+-------++-------
Melee: Unarmed           |    63 |   145 |   294 |   573 |   575 ||  1650
       Punch             |     3 |     7 |     3 |       |       ||    13
Throw: Large rock        |       |       |     1 |     1 |       ||     2
       Boomerang         |       |       |       |    68 |   121 ||   189
       Javelin           |       |       |       |     1 |     6 ||     7
       Throwing net      |       |       |       |       |     2 ||     2
Invok: Heal Self         |       |       |       |     3 |       ||     3
       Recite            |       |       |       |       |     3 ||     3
       Vitalisation      |       |       |       |       |     2 ||     2
       Donate Gold       |       |       |       |       |     1 ||     1
Evoke: Wand              |       |       |       |       |     2 ||     2
  Use: Potion            |     4 |     1 |     2 |     6 |     1 ||    14
       Scroll            |       |       |     5 |    11 |     8 ||    24
 Stab: Sleeping          |     1 |     2 |     5 |     5 |     1 ||    14
Armor: Robe              |    30 |    49 |    73 |   116 |   185 ||   453
       Skin              |       |       |     7 |    19 |       ||    26
Dodge: Dodged            |    23 |    54 |    64 |   137 |   169 ||   447
Block: Tower shield      |       |       |   166 |   568 |   665 ||  1399
       Reflection        |       |       |       |     7 |       ||     7

Table legend: (Time is in decaauts)
 A = Elapsed time spent in this place.
 B = Non-inter-level travel time spent in this place.
 C = Inter-level travel time spent in this place.
 D = Time resting spent in this place.
 E = Time spent auto-exploring this place.
 F = Levels seen in this place.
 G = Mean time per level.
                   A        B        C        D        E       F      G
               +--------+--------+--------+--------+--------+-----+--------+
         Total |  14579 |  13440 |   1139 |     92 |   9619 |  16 |  911.2 |
       Dungeon |   7097 |   6339 |    758 |     92 |   4720 |   9 |  788.6 |
          Lair |   6777 |   6396 |    381 |      0 |   4454 |   6 | 1129.5 |
         Sewer |    704 |    704 |      0 |      0 |    444 |   1 |  704.0 |
               +--------+--------+--------+--------+--------+-----+--------+

Top non-repeatable levels by time:
  Lair:4: 1546 daAuts
  Lair:6: 1434 daAuts
     D:9: 1314 daAuts
  Lair:1: 1157 daAuts
     D:4: 970 daAuts
     D:6: 961 daAuts
  Lair:3: 952 daAuts
     D:7: 944 daAuts
  Lair:5: 850 daAuts
  Lair:2: 836 daAuts
     D:8: 775 daAuts
   Sewer: 704 daAuts
     D:5: 686 daAuts
     D:2: 493 daAuts
     D:3: 490 daAuts
